NYP
CONNECTICUT TIGERS @ IDAHO FALLS CHUKARS
06/25/2048
 
TOP OF THE 1ST
Connecticut Tigers batting - Pitching for Idaho Falls Chukars : RHP Mike Valdez
Pitching: RHP Mike Valdez
Batting: RHB Janne Vihko 0-0: Foul Ball, location: 2F
0-1: Ball
1-1: Swinging Strike
1-2: Strikes out swinging
Batting: SHB Ian Arlotta 0-0: Ball
1-0: Foul Ball, location: 2F
1-1: Swinging Strike
1-2: Foul Ball, location: 2F
1-2: Foul Ball, location: 2F
1-2: Strikes out swinging
Batting: RHB Jaden Warrior 0-0: Foul Ball, location: 2F
0-1: Called Strike
0-2: Foul Ball, location: 2F
0-2: Strikes out swinging
Top of the 1st over - 0 runs, 0 hits, 0 errors, 0 left on base; Connecticut 0 - Idaho Falls 0
BOTTOM OF THE 1ST
Idaho Falls Chukars batting - Pitching for Connecticut Tigers : RHP Alan Grossfeld
Pitching: RHP Alan Grossfeld
Batting: RHB Jonas Fernandez 0-0: Called Strike
0-1: Reached on error, E6 (Groundball, 6, EV 103.1 MPH)
Batting: RHB Mike Bearden 0-0: Ball
1-0: Ball
2-0: Ball
3-0: Called Strike
3-1: Base on Balls
Batting: RHB Carlos Almada 0-0: Foul Ball, location: 2F
0-1: Foul Ball, location: 2F
0-2: Strikes out swinging
Batting: RHB Chance Argy 0-0: Called Strike
0-1: Ball
1-1: Reached on error, E2 (Groundball, 2R, EV 68.8 MPH)
Jonas Fernandez scores
Mike Bearden to third
Batting: RHB Ian Hornsby 0-0: Foul Ball, location: 2F
0-1: Ball
1-1: Swinging Strike
1-2: Strikes out looking
Batting: RHB Bobby Matyas 0-0: Ball
1-0: Foul Ball, location: 2F
1-1: Foul Ball, location: 2F
1-2: Foul Ball, location: 2F
1-2: DOUBLE (Flyball, 8LD, EV 103.8 MPH)
Mike Bearden scores
Chance Argy scores
Pinch Runner at 2nd Shohei Nishi:
Batting: RHB Jimmy Mayville 0-0: Fly out, F8 (Flyball, 8RD, EV 94.4 MPH)
Bottom of the 1st over - 3 runs, 1 hit, 2 errors, 1 left on base; Connecticut 0 - Idaho Falls 3
TOP OF THE 2ND
Connecticut Tigers batting - Pitching for Idaho Falls Chukars : RHP Mike Valdez
Pitching: RHP Francisco Reyes
Now in CF: Dave Saldana
Now in RF: Mike Bearden
Batting: LHB Afanasy Zasekin 0-0: SINGLE (Groundball, 15S, EV 66.9 MPH) (infield hit)
Batting: RHB Jeremiah Washington 0-0: Ball
1-0: Called Strike
1-1: Ball
2-1: Fielders Choice at 2nd, 5-4 (Groundball, 56, EV 83.1 MPH)
Batting: RHB Juan Acero 0-0: Ball
1-0: Called Strike
1-1: Ball
2-1: Grounds into double play, 5-4-3 (Groundball, 56, EV 81.9 MPH)
Top of the 2nd over - 0 runs, 1 hit, 0 errors, 0 left on base; Connecticut 0 - Idaho Falls 3
BOTTOM OF THE 2ND
Idaho Falls Chukars batting - Pitching for Connecticut Tigers : RHP Alan Grossfeld
Batting: LHB David Bearden 0-0: Fly out, F5 (Popup, 56, EV 59.4 MPH)
Batting: RHB Rafael Tapia 0-0: Ground out 6-3 (Groundball, 6, EV 87.5 MPH)
Batting: RHB Jonas Fernandez 0-0: Ball
1-0: Ball
2-0: Swinging Strike
2-1: Foul Ball, location: 2F
2-2: SINGLE (Groundball, 4D, EV 100.0 MPH)
Batting: RHB Mike Bearden Pickoff Throw to First - Out! 1-3 CS
Bottom of the 2nd over - 0 runs, 1 hit, 0 errors, 0 left on base; Connecticut 0 - Idaho Falls 3
TOP OF THE 3RD
Connecticut Tigers batting - Pitching for Idaho Falls Chukars : RHP Francisco Reyes
Batting: LHB Antonio Luis 0-0: Called Strike
0-1: Ball
1-1: Called Strike
1-2: Ball
2-2: Foul Ball, location: 2F
2-2: Ground out 4-3 (Groundball, 4, EV 109.4 MPH)
Batting: RHB Kaleb Yerger 0-0: Ball
1-0: Ball
2-0: Ball
3-0: Called Strike
3-1: Ground out 4-3 (Groundball, 34, EV 89.4 MPH)
Batting: RHB Yankel Pensak 0-0: Called Strike
0-1: Reached on error, E4 (Flyball, 4D, EV 88.1 MPH)
Batting: RHB Janne Vihko 0-0: Called Strike
0-1: SINGLE (Line Drive, 56D, EV 98.8 MPH)
Yankel Pensak to second
Runner from 2nd tries for 3rd, OUT! 7-5
Top of the 3rd over - 0 runs, 1 hit, 1 error, 1 left on base; Connecticut 0 - Idaho Falls 3
BOTTOM OF THE 3RD
Idaho Falls Chukars batting - Pitching for Connecticut Tigers : RHP Alan Grossfeld
Batting: RHB Mike Bearden 0-0: Ball
1-0: Swinging Strike
1-1: Called Strike
1-2: Foul Ball, location: 2F
1-2: Ball
2-2: Foul Ball, location: 2F
2-2: Foul Ball, location: 2F
2-2: Ground out 6-3 (Groundball, 6S, EV 70.0 MPH)
Batting: RHB Carlos Almada 0-0: Called Strike
0-1: Foul Ball, location: 2F
0-2: Strikes out swinging
Batting: RHB Chance Argy 0-0: Ball
1-0: Called Strike
1-1: Ball
2-1: Foul Ball, location: 2F
2-2: Strikes out swinging
Bottom of the 3rd over - 0 runs, 0 hits, 0 errors, 0 left on base; Connecticut 0 - Idaho Falls 3
TOP OF THE 4TH
Connecticut Tigers batting - Pitching for Idaho Falls Chukars : RHP Francisco Reyes
Batting: SHB Ian Arlotta 0-0: Ball
1-0: Foul Ball, location: 2F
1-1: Hit by Pitch
Batting: RHB Jaden Warrior 0-0: Called Strike
0-1: Called Strike
0-2: Hit by Pitch
Ian Arlotta to second
Batting: LHB Afanasy Zasekin 0-0: Called Strike
0-1: Ball
1-1: Ball
2-1: Fly out, F9 (Flyball, 9, EV 92.5 MPH)
Batting: RHB Jeremiah Washington 0-0: Fly out, F8 (Line Drive, 8RM, EV 111.9 MPH)
Batting: RHB Juan Acero 0-0: Called Strike
0-1: Fly out, F7 (Line Drive, 7, EV 93.1 MPH)
Top of the 4th over - 0 runs, 0 hits, 0 errors, 2 left on base; Connecticut 0 - Idaho Falls 3
BOTTOM OF THE 4TH
Idaho Falls Chukars batting - Pitching for Connecticut Tigers : RHP Alan Grossfeld
Batting: RHB Ian Hornsby 0-0: Foul Ball, location: 2F
0-1: Ball
1-1: Swinging Strike
1-2: Strikes out swinging
Batting: RHB Dave Saldana 0-0: Ball
1-0: Ground out 5-3 (Groundball, 56S, EV 86.9 MPH)
Batting: RHB Jimmy Mayville 0-0: Ball
1-0: Foul Ball, location: 2F
1-1: Ball
2-1: Ground out 3-1 (Groundball, 34S, EV 86.9 MPH)
Bottom of the 4th over - 0 runs, 0 hits, 0 errors, 0 left on base; Connecticut 0 - Idaho Falls 3
TOP OF THE 5TH
Connecticut Tigers batting - Pitching for Idaho Falls Chukars : RHP Francisco Reyes
Batting: LHB Antonio Luis 0-0: Foul Ball, location: 2F
0-1: SINGLE (Groundball, 25, EV 69.4 MPH) (infield hit)
Batting: RHB Kaleb Yerger 0-0: Ball
1-0: Ground out 4-3 (Groundball, 4MS, EV 66.9 MPH)
Antonio Luis to second
Batting: RHB Yankel Pensak 0-0: Foul Ball, location: 2F
0-1: Called Strike
0-2: Ball
1-2: Ball
2-2: Ball
3-2: DOUBLE (Line Drive, 3D, EV 95.6 MPH)
Antonio Luis scores
Batting: RHB Janne Vihko 0-0: Foul Ball, location: 2F
0-1: Ball
1-1: Ball
2-1: Foul Ball, location: 2F
2-2: Ground out 6-3 (Groundball, 6, EV 85.6 MPH)
Yankel Pensak to third
Pitching: LHP Kentaro Shimasaki
Batting: SHB Ian Arlotta 0-0: Ball
1-0: Ground out 1-3 (Groundball, 15S, EV 68.8 MPH)
Top of the 5th over - 1 run, 2 hits, 0 errors, 1 left on base; Connecticut 1 - Idaho Falls 3
BOTTOM OF THE 5TH
Idaho Falls Chukars batting - Pitching for Connecticut Tigers : RHP Alan Grossfeld
Batting: LHB David Bearden 0-0: Ball
1-0: Called Strike
1-1: Fly out, F8 (Line Drive, 78M, EV 85.0 MPH)
Batting: RHB Rafael Tapia 0-0: Fly out, F8 (Line Drive, 8LD, EV 93.8 MPH)
Batting: RHB Jonas Fernandez 0-0: Ball
1-0: SINGLE (Groundball, 6MD, EV 100.0 MPH)
Batting: RHB Mike Bearden 0-0: Ball
1-0: Swinging Strike
1-1: Foul Ball, location: 2F
1-2: Fly out, F8 (Flyball, 8RD, EV 87.5 MPH)
Bottom of the 5th over - 0 runs, 1 hit, 0 errors, 1 left on base; Connecticut 1 - Idaho Falls 3
TOP OF THE 6TH
Connecticut Tigers batting - Pitching for Idaho Falls Chukars : LHP Kentaro Shimasaki
Batting: RHB Jaden Warrior 0-0: Called Strike
0-1: Foul Ball, location: 2F
0-2: Strikes out swinging
Batting: LHB Afanasy Zasekin 0-0: Called Strike
0-1: Ball
1-1: Ball
2-1: Ball
3-1: Swinging Strike
3-2: Base on Balls
Batting: RHB Jeremiah Washington 0-0: Foul Ball, location: 2F
0-1: Ball
1-1: Ball
2-1: Called Strike
2-2: Ball
3-2: Base on Balls
Afanasy Zasekin to second
Batting: RHB Juan Acero 0-0: Called Strike
0-1: Ball
1-1: Swinging Strike
1-2: Ball
2-2: Ball
3-2: Foul Ball, location: 2F
3-2: Base on Balls
Afanasy Zasekin to third
Jeremiah Washington to second
Batting: SHB Ryohei Nakano 0-0: Called Strike
0-1: Ball
1-1: Called Strike
1-2: Ball
2-2: Foul Ball, location: 2F
2-2: Strikes out looking
Batting: RHB Kaleb Yerger 0-0: Fly out, F9 (Flyball, 89S, EV 88.8 MPH)
Top of the 6th over - 0 runs, 0 hits, 0 errors, 3 left on base; Connecticut 1 - Idaho Falls 3
BOTTOM OF THE 6TH
Idaho Falls Chukars batting - Pitching for Connecticut Tigers : RHP Alan Grossfeld
Batting: RHB Carlos Almada 0-0: Fly out, F7 (Flyball, 78S, EV 81.2 MPH)
Batting: RHB Chance Argy 0-0: Ball
1-0: Foul Ball, location: 2F
1-1: Ball
2-1: Foul Ball, location: 2F
2-2: Ground out 4-3 (Groundball, 34D, EV 103.1 MPH)
Batting: RHB Ian Hornsby 0-0: Ball
1-0: Ground out 5-3 (Groundball, 5S, EV 87.5 MPH)
Bottom of the 6th over - 0 runs, 0 hits, 0 errors, 0 left on base; Connecticut 1 - Idaho Falls 3
TOP OF THE 7TH
Connecticut Tigers batting - Pitching for Idaho Falls Chukars : LHP Kentaro Shimasaki
Batting: RHB Yankel Pensak 0-0: Called Strike
0-1: Ball
1-1: Ball
2-1: Ball
3-1: Swinging Strike
3-2: Foul Ball, location: 2F
3-2: Reached on error, E2 (Groundball, 2R, EV 67.5 MPH)
Batting: RHB Janne Vihko 0-0: Ball
1-0: Foul Ball, location: 2F
1-1: Ball
2-1: Foul Ball, location: 2F
2-2: Strikes out swinging
Pitching: LHP Hyoji Kawabata
Batting: SHB Ian Arlotta 0-0: Foul Ball, location: 2F
0-1: Foul Ball, location: 2F
0-2: Ball
1-2: Strikes out swinging
Batting: RHB Jaden Warrior 0-0: Ball
1-0: Ball
2-0: Called Strike
2-1: Ball
3-1: Foul Ball, location: 2F
3-2: Foul Ball, location: 2F
3-2: Base on Balls
Batting: LHB Afanasy Zasekin 0-0: Swinging Strike
0-1: Called Strike
0-2: Strikes out looking
Top of the 7th over - 0 runs, 0 hits, 1 error, 2 left on base; Connecticut 1 - Idaho Falls 3
BOTTOM OF THE 7TH
Idaho Falls Chukars batting - Pitching for Connecticut Tigers : RHP Alan Grossfeld
Batting: RHB Dave Saldana 0-0: Called Strike
0-1: Ball
1-1: Fly out, F3 (Popup, 23F, EV 82.5 MPH)
Batting: RHB Jimmy Mayville 0-0: SINGLE (Groundball, 6MD, EV 100.0 MPH)
Batting: LHB David Bearden 0-0: Ball
1-0: Ball
Wild Pitch!
Jimmy Mayville to second
2-0: Intentional Walk
Batting: RHB Rafael Tapia 0-0: Foul Ball, location: 2F
0-1: Ball
1-1: Called Strike
1-2: Strikes out swinging
Batting: RHB Jonas Fernandez 0-0: Ball
1-0: Fielders Choice at 2nd, U4 (Groundball, 4M, EV 85.0 MPH)
Bottom of the 7th over - 0 runs, 1 hit, 0 errors, 2 left on base; Connecticut 1 - Idaho Falls 3
TOP OF THE 8TH
Connecticut Tigers batting - Pitching for Idaho Falls Chukars : LHP Hyoji Kawabata
Batting: RHB Jeremiah Washington 0-0: Called Strike
0-1: Ground out 4-3 (Groundball, 4MD, EV 88.8 MPH)
Batting: RHB Juan Acero 0-0: Fly out, F9 (Flyball, 9S, EV 71.9 MPH)
Batting: SHB Ryohei Nakano 0-0: Ball
1-0: Ball
2-0: Foul Ball, location: 2F
2-1: Foul Ball, location: 2F
2-2: Fly out, F7 (Flyball, 7S, EV 81.2 MPH)
Top of the 8th over - 0 runs, 0 hits, 0 errors, 0 left on base; Connecticut 1 - Idaho Falls 3
BOTTOM OF THE 8TH
Idaho Falls Chukars batting - Pitching for Connecticut Tigers : RHP Alan Grossfeld
Pitching: LHP Victor Villarreal
Batting: RHB Mike Bearden 0-0: Ball
1-0: Ball
2-0: Foul Ball, location: 2F
2-1: Swinging Strike
2-2: Strikes out swinging
Batting: RHB Carlos Almada 0-0: Ground out 6-3 (Groundball, 56, EV 107.5 MPH)
Batting: RHB Chance Argy 0-0: Foul Ball, location: 2F
0-1: Ball
1-1: Foul Ball, location: 2F
1-2: Ground out 4-3 (Groundball, 34, EV 90.0 MPH)
Bottom of the 8th over - 0 runs, 0 hits, 0 errors, 0 left on base; Connecticut 1 - Idaho Falls 3
TOP OF THE 9TH
Connecticut Tigers batting - Pitching for Idaho Falls Chukars : LHP Hyoji Kawabata
Batting: RHB Kaleb Yerger 0-0: Ball
1-0: Fly out, F5 (Line Drive, 5, EV 70.6 MPH)
Batting: RHB Yankel Pensak 0-0: Ball
1-0: Swinging Strike
1-1: Foul Ball, location: 2F
1-2: Strikes out swinging
Batting: RHB Janne Vihko 0-0: Foul Ball, location: 2F
0-1: DOUBLE (Groundball, 5L, EV 103.8 MPH)
Batting: SHB Ian Arlotta 0-0: Called Strike
0-1: Foul Ball, location: 2F
0-2: Ball
1-2: Ball
2-2: Ball
3-2: Strikes out looking
Top of the 9th over - 0 runs, 1 hit, 0 errors, 1 left on base; Connecticut 1 - Idaho Falls 3
Tuesday, March 28th , 2023 - OOTP Baseball 23.10 Build 110